 Dungeon Crawl Stone Soup version 0.26-b1-32-g5d43845318 (webtiles) character file.

Game seed: 15783502300321510960

106 Borgoz the Skirmisher (level 4, -3/39 HPs)
             Began as a Ghoul Fighter on Jan 13, 2021.
             Slain by a gnoll
             ... wielding a cursed -1 spear
              (4 damage)
             ... on level 3 of the Dungeon.
             The game lasted 00:01:20 (1349 turns).

Borgoz the Skirmisher (Ghoul Fighter)               Turns: 1349, Time: 00:01:20

Health: -3/39      AC:  6    Str: 18 (19) XL:     4   Next: 84%
Magic:  3/3        EV:  7    Int:  1 (3)  God:
Gold:   31         SH:  8    Dex:  8 (9)  Spells: 3/3 levels left

rFire    + . .     SeeInvis .   a - +0 long sword
rCold    + + .     Faith    .   c - +0 kite shield
rNeg     + + +     Spirit   .   b - +0 scale mail
rPois    ∞         Reflect  .   (no helmet)
rElec    +         Harm     .   (no cloak)
rCorr    +         Rampage  .   (no gloves)
Will     .....                  (no boots)
Stlth    ..........             (no amulet)
HPRegen  0.00/turn              (no ring)
MPRegen  0.08/turn              (no ring)

@: mighty, resistant
A: claws 1, cold resistance 1, negative energy resistance 3, inhibited
regeneration, torment resistance, unbreathing
a: no special abilities


You were on level 3 of the Dungeon.
You visited 1 branch of the dungeon, and saw 3 of its levels.

You collected 31 gold pieces.

Inventory:

Hand Weapons
 a - a +0 long sword (weapon)
Armour
 b - a +0 scale mail (worn)
 c - a +0 kite shield (worn)
Scrolls
 e - 2 scrolls of immolation {unknown}
 g - a scroll of enchant armour {unknown}
 h - 2 scrolls of enchant weapon {unknown}
 i - a scroll of identify {unknown}


   Skills:
 + Level 3.6 Fighting
 * Level 2.7 Long Blades
 + Level 3.1 Armour
 * Level 1.9 Dodging
 + Level 3.1 Shields


You had 3 spell levels left.
You didn't know any spells.
Your spell library was empty.

Dungeon Overview and Level Annotations

Branches:
Dungeon (3/15)

Altars:
Cheibriados
Yredelemnul

Annotations:
D:2 Robin


Innate Abilities, Weirdness & Mutations

You thrive by killing the living.
You are immune to poison.
You have sharp fingernails.
Your flesh is cold resistant. (rC+)
You are immune to negative energy. (rN+++)
You do not regenerate when monsters are visible.
You are immune to unholy pain and torment.
You can survive without breathing.


Message History

Terence hits you with a +0 hand axe.
* * * LOW HITPOINT WARNING * * *
The adder barely misses you. You block the gnoll's attack.
You block Terence's attack.
You barely miss Terence. The adder bites you but does no damage.
The gnoll hits you but does no damage. The adder bites you but does no damage.
Terence barely misses you.
You slash Terence!
Terence is heavily wounded.
The gnoll barely misses you. You block the adder's attack.
Terence hits you but does no damage. The gnoll hits you but does no damage.
The adder bites you but does no damage.
You slice Terence!!
You kill Terence!
You feel better. The adder bites you.
* * * LOW HITPOINT WARNING * * *
You block the gnoll's attack.
You feel your dexterity returning.
The gnoll hits you with a cursed -1 spear.
You die...

##### . #...#
.. #...# ## ...
#...# .# ....
#...##.#.....
#...S)<......
#..@#†#?.....
#..g#gg......
.....###(......
#..... ......#
#..... #......
#..... ......
#.[... ####.#
#..... ..


You could see a gnoll and an adder.

Vanquished Creatures
  Natasha (D:2)
  Terence (D:3)
  A gnoll (D:3)
  2 oozes (D:1)
  2 dart slugs
  A leopard gecko (D:1)
  2 hobgoblins (D:1)
  4 jackals (D:2)
  A quokka (D:3)
  4 bats (D:1)
  2 frilled lizards
  8 goblins
  3 kobolds
32 creatures vanquished.

Notes
Turn   | Place    | Note
-------+----------+-------------------------------------------
     0 | D:1      | Borgoz the Ghoul Fighter began the quest for the Orb.
     0 | D:1      | Reached XP level 1. HP: 19/19 MP: 0/0
   358 | D:1      | Reached XP level 2. HP: 26/26 MP: 1/1
   676 | D:1      | Reached skill level 1 in Dodging
   803 | D:1      | Reached XP level 3. HP: 29/31 MP: 2/2
  1136 | D:2      | Found a snail-covered altar of Cheibriados.
  1188 | D:2      | Noticed Natasha
  1198 | D:2      | Killed Natasha
  1230 | D:2      | Reached XP level 4. HP: 38/38 MP: 3/3
  1274 | D:2      | Found a basalt altar of Yredelemnul.
  1299 | D:2      | Noticed Robin
  1326 | D:3      | Noticed Terence
  1348 | D:3      | Killed Terence
  1348 | D:3      | HP: 1/38 [adder (2)]
  1349 | D:3      | Slain by a gnoll

Illustrated notes

Levels and vault maps discovered:
D:1:      dpeg_arrival_fog, layout_loops_corners
D:2:      kennysheep_the_goblin_king, layout_basic, overflow_temple_1_default,
          nicolae_ru_path_of_blood, overflow_temple_1_default,
          cheibriados_altar_1, uniq_natasha, uniq_sigmund, uniq_robin
D:3:      layout_rooms, lemuel_round_altar, hex_medium, uniq_terence

Skill      XL: |  1  2  3 |
---------------+----------+-----
Long Blades    | 2 |  2.7
Dodging        | 1 |  1.9
Shields        | 3 |  3.1
Armour         | 3 |  3.1
Fighting       | |  3.6

Action                   |  1- 3 |  4- 6 || total
-------------------------+-------+-------++-------
Melee: Long sword        |    73 |    37 ||   110
  Use: Potion            |       |     3 ||     3
Armor: Scale mail        |    34 |    34 ||    68
Dodge: Dodged            |    18 |    33 ||    51
Block: Kite shield       |    38 |    31 ||    69
       Rpst.: Long sword |     5 |     6 ||    11
